 Dungeon Crawl Stone Soup version 0.28-a0-1447-ga5a8893891 (webtiles) character file.

Game seed: 5105567634224410943

36 testman the Sneak (level 3, -7/28 HPs)
             Began as a Vampire Brigand on Jan 11, 2022.
             Was a Plaything of Xom.
             Mangled by a gnoll (8 damage)
             ... on level 2 of the Dungeon.
             The game lasted 00:06:45 (936 turns).

testman the Sneak (Vampire Brigand)                  Turns: 936, Time: 00:06:45

Health: -7/28      AC:  3    Str: 10    XL:     3   Next: 19%
Magic:  3/3        EV: 12    Int: 13    God:    Xom [..*...]
Gold:   12         SH:  5    Dex: 17    Spells: 2/2 levels left

rFire   . . .      SeeInvis +   a - +2 dagger
rCold   . . .      Faith    .   (no shield)
rNeg    . . .      Spirit   .   b - +0 robe
rPois   .          Reflect  +   (no helmet)
rElec   .          Harm     .   c - +0 cloak
rCorr   .          Rampage  .   (no gloves)
Will    .....                   (no boots)
Stlth   +++.......              h - amulet of reflection
HPRegen 0.29/turn               (no ring)
MPRegen 0.08/turn               (no ring)

@: on berserk cooldown, healing quickly, slowed, very slow
A: alive, fangs 3, see invisible, vampiric 2
a: Exsanguinate, Renounce Religion


You were on level 2 of the Dungeon.
You worshipped Xom.
You were a toy of Xom.
You visited 1 branch of the dungeon, and saw 3 of its levels.

You collected 12 gold pieces.

Inventory:

Hand Weapons
 a - a +2 dagger (weapon)
Missiles
 d - 20 poisoned darts (quivered)
 e - 8 curare-tipped darts
 f - 65 stones
Armour
 b - a +0 robe (worn)
 c - a +0 cloak (worn)
Jewellery
 h - an amulet of reflection (around neck)
Potions
 i - a potion of degeneration


   Skills:
 + Level 2.6 Fighting
 + Level 3.2 Short Blades
 - Level 1.5 Throwing
 - Level 1.1 Dodging
 - Level 6.0 Stealth


You had 2 spell levels left.
You didn't know any spells.
Your spell library was empty.

Dungeon Overview and Level Annotations

Branches:
Dungeon (3/15)

Altars:
Xom


Innate Abilities, Weirdness & Mutations

Your natural rate of healing is accelerated.
You have razor-sharp teeth.
You have supernaturally acute eyesight. (SInv)
You are afflicted with vampirism and can become a bat while bloodless.


Message History

Found 26 bolts.
The endoplasm freezes you.
You are frozen.
* * * LOW HITPOINT WARNING * * *
A hobgoblin comes into view.
Xom's power touches on your mind for a moment.
The gnoll looks rather confused. x3; The endoplasm looks rather confused.
The rat looks rather confused.
The hobgoblin looks rather confused.
The giant cockroach looks rather confused.
The gnoll seems less confused.
The endoplasm seems less confused.
The rat seems less confused.
The hobgoblin seems less confused.
The giant cockroach seems less confused.
The endoplasm misses you. The gnoll hits you but does no damage.
The gnoll hits the gnoll with a +0 spear.
Okay, then.
It was a potion of curing.
You feel better.
Xom roars with laughter!
The hobgoblin shouts!
The gnoll hits the gnoll with a +0 club.
The giant cockroach barely misses you. The endoplasm misses you.
The gnoll closely misses you. The rat bites you but does no damage.
The giant cockroach bites you. The endoplasm closely misses you.
The gnoll seems less confused.
The gnoll closely misses you. The rat closely misses you.
The giant cockroach completely misses you.
The gnoll hits you with a +0 flail!
* * * LOW HITPOINT WARNING * * *
The gnoll hits you from afar with a +0 spear.
* * * LOW HITPOINT WARNING * * *
As you read the scroll labelled NODOAMNARCHY, it crumbles to dust.
You hear a loud clanging noise!
It was a scroll of noise.
You hear a shout!
You hear an angry hiss.
The giant cockroach closely misses you. You block the rat's attack.
The endoplasm completely misses you. The gnoll hits you with a +0 flail.
* * * LOW HITPOINT WARNING * * *
The giant cockroach bites you but does no damage.
The gnoll hits you from afar with a +0 spear!
You die...
Xom bursts into laughter!

.r.#.##.########
................
#.#.............
#.#.###.........
#....##.........
##......g.......
#.#..g........#
#..#grJ...###
#....#B@..(.#
####........#
#.....g..#
#..).....#
#.#.#....#
(.#.#....#
####.#....# #.
....#


You could see 3 gnolls, an endoplasm, a giant cockroach, a hobgoblin and a rat.

Vanquished Creatures
  A dart slug (D:2)
  5 ball pythons (D:1)
  3 endoplasms (D:1)
  2 goblins (D:1)
  2 hobgoblins
  4 jackals
  2 kobolds (D:1)
  3 quokkas (D:1)
  5 bats
  4 rats (D:1)
31 creatures vanquished.

Notes
Turn   | Place    | Note
-------+----------+-------------------------------------------
     0 | D:1      | testman the Vampire Brigand began the quest for the Orb.
     0 | D:1      | Reached XP level 1. HP: 16/16 MP: 1/1
   239 | D:1      | Reached skill level 6 in Stealth
   262 | D:1      | Reached XP level 2. HP: 16/22 MP: 2/2
   390 | D:1      | Found a faded altar of an unknown god.
   397 | D:1      | Prayed at the altar of an unknown god.
   397 | D:1      | Became a worshipper of Xom of Chaos
   736 | D:1      | Gained mutation: You are afflicted with vampirism and can
                  | become a bat while bloodless. [Vampire growth]
   736 | D:1      | Reached XP level 3. HP: 28/28 MP: 3/3
   787 | D:1      | XOM: divination: detect creatures
   898 | D:2      | You fall into a shaft and drop 1 floor!
   898 | D:3      | Noticed a scorpion
   901 | D:3      | XOM: potion effect (berserk rage)
   933 | D:2      | XOM: confuse monster(s)
   935 | D:2      | HP: 1/28 [gnoll (4)]
   936 | D:2      | Mangled by a gnoll

Illustrated notes

Levels and vault maps discovered:
D:1:      dpeg_arrival_rooms_b, layout_loops_cross,
          shapermc_ecumenical_altar_acropolis
D:2:      layout_basic, hangedman_decor_clover_reticule
D:3:      minmay_evil_eye, layout_rooms, nicolae_yredelemnul_corpse_copse

Skill      XL: |  1  2 |
---------------+-------+-----
Stealth        | 6 |  6.0
Fighting       | 2 |  2.6
Short Blades   | 3 |  3.2
Throwing       | |  1.5
Dodging        | |  1.1

Action                   || total
-------------------------++-------
Melee: Dagger            ||    67
       Bite              ||     5
       Punch             ||     1
  Use: Scroll            ||     2
       Potion            ||     1
 Stab: Sleeping          ||    11
Armor: Robe              ||    18
Dodge: Dodged            ||    50
Block: Other             ||     8

Table legend: (Time is in decaauts)
 A = Elapsed time spent in this place.
 B = Non-inter-level travel time spent in this place.
 C = Inter-level travel time spent in this place.
 D = Time resting spent in this place.
 E = Time spent auto-exploring this place.
 F = Levels seen in this place.
 G = Mean time per level.
                   A        B        C        D        E       F      G
               +--------+--------+--------+--------+--------+-----+--------+
         Total |    939 |    929 |     10 |    140 |    489 |   3 |  313.0 |
       Dungeon |    939 |    929 |     10 |    140 |    489 |   3 |  313.0 |
               +--------+--------+--------+--------+--------+-----+--------+

Top non-repeatable levels by time:
     D:1: 872 daAuts
     D:2: 58 daAuts
     D:3: 8 daAuts
